 Dungeon Crawl Stone Soup version 0.28.0-49-g6dfe1f597d (console) character file.

Game seed: 2745415559998596275

8067 Faeu the Cleaver (level 11, 0/148 HPs)
             Began as a Minotaur Berserker on May 14, 2022.
             Was a High Priest of Trog.
             Slain by an orc warrior
             ... wielding a +0 battleaxe
              (2 damage)
             ... on level 11 of the Dungeon.
             The game lasted 00:38:16 (9940 turns).

Faeu the Cleaver (Minotaur Berserker)               Turns: 9940, Time: 00:38:17

Health: 0/148      AC: 15    Str: 26    XL:     11   Next: 5%
Magic:  10/10      EV: 11    Int:  8    God:    Trog [*****.]
Gold:   617        SH:  0    Dex: 10    Spells: 10/10 levels left

rFire   . . .      SeeInvis .   O - +9 spear {venom, rElec rC+ Int+4, polearm}
rCold   + . .      Faith    .   (no shield)
rNeg    . . .      Spirit   .   H - +0 chain mail
rPois   .          Reflect  .   (helmet restricted)
rElec   +          Harm     .   J - +0 cloak
rCorr   .          Rampage  .   B - +0 pair of gloves
Will    .....                   t - +0 pair of boots
Stlth   ..........              D - amulet of regeneration {@e2}
HPRegen 1.14/turn               (no ring)
MPRegen 0.12/turn               (no ring)

@: berserking, weak-willed, very quick
A: horns 2, retaliatory headbutt
a: Renounce Religion, Berserk, Trog's Hand, Brothers in Arms


You were on level 11 of the Dungeon.
You worshipped Trog.
Trog was extremely pleased with you.
You visited 1 branch of the dungeon, and saw 11 of its levels.
You also visited: Ossuary.

You collected 617 gold pieces.


Innate Abilities, Weirdness & Mutations

You have a pair of horns on your head.
You reflexively headbutt those who attack you in melee.


   Skills:
 - Level 10.1 Fighting
 + Level 13.0 Axes
 - Level 9.7 Armour
 - Level 8.9 Dodging


You had 10 spell levels left.
You didn't know any spells.
Your spell library contained the following spells:

 Spells                   Type           Power      Damage    Failure   Level
 Shock                    Conj/Air       0%         1d3       91%         1
 Dazzling Flash           Conj/Hex       0%         N/A       99%         3
 Summon Guardian Golem    Hex/Summ       0%         N/A       99%         3
 Swiftness                Air            0%         N/A       99%         3
 Tukima's Dance           Hex            0%         N/A       99%         3
 Airstrike                Air            0%         N/A       100%        4
 Leda's Liquefaction      Hex/Erth       0%         N/A       100%        4
 Passage of Golubria      Tloc           0%         N/A       100%        4
 Agony                    Necr           0%         N/A       100%        5
 Lee's Rapid Deconstruct  Erth           0%         3d5*      100%        5
 Silence                  Hex/Air        0%         N/A       100%        5
 Yara's Violent Unravell  Hex/Tmut       0%         3d3       100%        5
 Statue Form              Tmut/Erth      0%         N/A       100%        6
 Orb of Destruction       Conj           0%         9d5       100%        7
 Spellforged Servitor     Conj/Summ      0%         N/A       100%        7

Inventory:

Hand Weapons
 b - a +2 hunting sling of flaming {sling}
   (You took it off Ijyb on level 3 of the Dungeon)
 G - a +1 whip of electrocution {mace}
   (You took it off a gnoll shaman on level 6 of the Dungeon)
 I - the +7 Singing Sword {vorpal, sonic wave}
   (You found it on level 6 of the Dungeon)

   It inflicts extra damage upon your enemies.
   It radiates damaging sonic waves as it strikes, especially in combat
   involving dangerous or numerous foes.
 N - a +3 mace of freezing {mace}
   (You took it off a wight on level 10 of the Dungeon)
 O - the +9 spear "Giatsyci" (weapon) {venom, rElec rC+ Int+4, polearm}
   (You found it on level 8 of the Dungeon)

   It poisons the flesh of those it strikes.
   Int:       It affects your intelligence (+4).
   rC:        It protects you from cold.
   rElec:     It insulates you from electricity.
 S - a +2 scimitar of flaming {long}
   (You took it off Erica on level 8 of the Dungeon)
 T - a +3 executioner's axe of flaming {axerare=g}
   (Trog gifted it to you on level 9 of the Dungeon)
Missiles
 q - 33 sling bullets
 K - 3 boomerangs (quivered) {throwing}
 M - 6 poisoned darts {throwing}
Armour
 a - +0 acid dragon scales
   (You found it on level 10 of the Dungeon)
 m - a +2 ring mail of poison resistance
   (You found it on level 10 of the Dungeon)
 n - a +2 scale mail of fire resistance
   (You took it off Ijyb on level 3 of the Dungeon)
 t - a +0 pair of boots (worn)
   (You found it on level 3 of the Dungeon)
 B - a +0 pair of gloves (worn)
   (You found it on level 4 of the Dungeon)
 H - a +0 chain mail (worn)
   (You took it off an orc on level 5 of the Dungeon)
 J - a +0 cloak (worn)
   (You took it off Crazy Yiuf on level 6 of the Dungeon)
 Q - a +2 robe of cold resistance
   (You took it off Erica on level 8 of the Dungeon)
Jewellery
 D - an amulet of regeneration (around neck) {@e2}
   (You found it on level 5 of the Dungeon)
Wands
 o - a wand of flame (28)
   (You took it off Ijyb on level 3 of the Dungeon)
 C - a wand of iceblast (5)
   (You found it on level 5 of the Dungeon)
 P - a wand of mindburst (9)
   (You found it on level 8 of the Dungeon)
 R - a wand of acid (9)
   (You took it off Erica on level 8 of the Dungeon)
Scrolls
 d - 5 scrolls of identify {unknown}
 g - 2 scrolls of vulnerability {unknown}
 h - a scroll of noise {unknown}
 i - 4 scrolls of teleportation {unknown}
 j - a scroll of summoning {unknown}
 k - 2 scrolls of enchant armour {unknown}
 p - a scroll of magic mapping {unknown}
 r - 3 scrolls of amnesia {unknown}
 u - 2 scrolls of enchant weapon {unknown}
 v - 2 scrolls of blinking {unknown}
 w - a scroll of torment {unknown}
 y - 2 scrolls of immolation {unknown}
 E - 3 scrolls of fear {unknown}
 F - a scroll of fog {unknown}
Potions
 c - 2 potions of berserk rage {unknown}
 e - 5 potions of degeneration {unknown}
 f - 6 potions of curing {unknown}
 l - 4 potions of flight {unknown}
 s - 3 potions of heal wounds {unknown}
 x - 2 potions of brilliance {unknown}
 z - 3 potions of lignification {unknown}
 A - a potion of haste {unknown}
 L - 2 potions of ambrosia {unknown}

Dungeon Overview and Level Annotations

Branches:
Dungeon (11/15)            Temple (0/1) D:6            Lair (0/6) D:10
    Orc (0/2) D:11        Ossuary (visited)

Altars:
Ashenzari
Cheibriados
Gozag
Makhleb
Nemelex Xobeh
Ru
Sif Muna
Wu Jian
Xom

Shops:
D:3 [

Annotations:
D:7 1 runed translucent door, PanSaczeczos's ghost, novice DgCj

....8....
...........
............
8....>....8.
#........
....
+........
#........
#........
#........
#........
#o)......
#@(......
#.o......
########+


You could see an orc warrior (extremely poisoned) and an orc.


Message History

Your weapon can't reach that far!
Okay, then.
Unknown command. 😕 HP[+1]
The phantasmal warrior gestures at you.
The phantasmal warrior blinks!
There is an escape hatch in the floor here. 😎 HP[+1]
The phantasmal warrior barely misses you.
You slide downwards.
The hatch slams shut behind you.
The cyclops shouts!
The orc warrior shouts!
The orc priest shouts!
The orc shouts!
The orc priest barely misses you. The orc priest closely misses you.
You furiously retaliate!
You headbutt the orc priest.
You can't go up here!
Okay, then.
Okay, then.
A red film seems to cover your vision as you go berserk!
You feel yourself moving faster!
You feel mighty! The phantasmal warrior hits you!! The orc priest misses you.
The orc priest hits you but does no damage. 😕 HP[+28]
You now have 139 max hp (+46).
You regained 28 hp, and now have 121/139 hp.
You hit the phantasmal warrior.
Your headbutt misses the phantasmal warrior.
The phantasmal warrior hits you!! 😮 HP[-25]
You take 25 damage, and now have 96/139 hp.
You puncture the phantasmal warrior!
Your headbutt misses the phantasmal warrior.
The cyclops hits you! 😮 HP[-16]
You take 16 damage, and now have 80/139 hp.
You puncture the phantasmal warrior! The orc priest barely misses you.
You furiously retaliate!
You headbutt the orc priest! The orc priest closely misses you.
The phantasmal warrior hits you!
Your willpower is stripped away! 😮 HP[-6]
You take 6 damage, and now have 74/139 hp.
You barely miss the phantasmal warrior.
You headbutt the phantasmal warrior, but do no damage.
You hit the phantasmal warrior. You headbutt the phantasmal warrior!
The orc priest barely misses you.
The orc priest invokes the aid of Beogh against you.
Pain shoots through your body!
* * * LOW HITPOINT WARNING * * *
The phantasmal warrior hits you but does no damage.
The cyclops hits you!!
* * * LOW HITPOINT WARNING * * *
😨 HP[-27]
You take 27 damage, and now have 47/139 hp.
You puncture the phantasmal warrior! 😨 HP[+1]
You puncture the phantasmal warrior!
You destroy the phantasmal warrior!
Trog accepts your kill. The orc priest misses you. You furiously retaliate!
You headbutt the orc priest!
You kill the orc priest!
Trog accepts your kill. The orc priest closely misses you.
You hit the cyclops.
The cyclops is poisoned.
The cyclops hits you!!
* * * LOW HITPOINT WARNING * * *
😱 HP[-26]
You take 26 damage, and now have 22/139 hp.
You puncture the cyclops!
The cyclops looks as sick as possible! 😱 HP[+1]
You hit the cyclops.
The cyclops looks as sick as possible!
You headbutt the cyclops!
The orc priest invokes the aid of Beogh against you.
You barely resist.
The orc warrior hits you with a +0 battleaxe!
* * * LOW HITPOINT WARNING * * *
😱 HP[-9]
You take 9 damage, and now have 14/139 hp.
You puncture the cyclops!
The cyclops looks as sick as possible!
The cyclops hits you!
* * * LOW HITPOINT WARNING * * *
😱 HP[-9]
You take 9 damage, and now have 5/139 hp.
You impale the orc priest!!
You kill the orc priest!
Trog accepts your kill.
The orc warrior hits you with a +0 battleaxe.
* * * LOW HITPOINT WARNING * * *
The orc hits you but does no damage. 😱 HP[-4]
You take 4 damage, and now have 1/139 hp.
You hit the cyclops.
You kill the cyclops!
Trog accepts your kill.
Your Axes skill increases to level 13!
You have reached level 11! 😱 HP[+1] MP[+1]
You now have 148 max hp (+9).
Your mp is fully restored (10).
You puncture the orc warrior!
The orc warrior looks as sick as possible!
The orc warrior hits you with a +0 battleaxe.
You die...

Skill      XL: |  1  2  3  4  5  6  7  8  9 10 |
---------------+-------------------------------+-----
Fighting       | 4 5 6 7 9 10 | 10.1
Axes           | 4 5 6 8 9 13 | 13.0
Armour         | 3 4 5 6 7 9 |  9.7
Dodging        | 3 4 5 6 8 |  8.9

Action                   |  1- 3 |  4- 6 |  7- 9 | 10-12 || total
-------------------------+-------+-------+-------+-------++-------
Melee: Hand axe          |    71 |   135 |    87 |       ||   293
       Headbutt          |     9 |    26 |    30 |    22 ||    87
       Punch             |     1 |     1 |       |     2 ||     4
       Whip              |       |       |    68 |       ||    68
       Double sword      |       |       |    64 |     3 ||    67
       Spear             |       |       |       |   105 ||   105
       Executioner's axe |       |       |       |    15 ||    15
 Fire: Hunting sling     |       |     9 |     7 |       ||    16
Throw: Boomerang         |       |       |    15 |     1 ||    16
Invok: Berserk           |     1 |     1 |     5 |     3 ||    10
Evoke: Wand              |       |       |       |     1 ||     1
 Stab: Sleeping          |     1 |       |       |       ||     1
Armor: Animal skin       |    15 |    14 |       |       ||    29
       Scale mail        |       |    33 |    39 |       ||    72
       Chain mail        |       |       |    60 |    67 ||   127
Dodge: Dodged            |    50 |    66 |   110 |    96 ||   322

Levels and vault maps discovered:
D:1:      minmay_arrival_glassed_features, layout_loops_ring,
          ebering_ecumenical_altar_box
D:2:      minmay_chambers_of_ones, layout_loops_ring, basic_altar,
          chequers_decorated_corner, kennysheep_pointless_box,
          kennysheep_nondescript, uniq_sigmund
D:3:      kennysheep_the_goblin_king, layout_basic,
          nicolae_overflow_crystal_walls, mainiacjoe_overflow_surrounded_room,
          serial_shops, nicolae_shop_advertising_works
          [nicolae_subvault_shop_adworks]
D:4:      layout_gridville, mainiacjoe_overflow_tiny_flanked, enter_ossuary_3,
          uniq_eustachio
D:5:      layout_loops_ring, mainiacjoe_overflow_24_doors,
          mainiacjoe_overflow_small_starburst, mainiacjoe_overflow_alcove_1,
          uniq_blork_the_orc
D:6:      old_forge, layout_layer_cave, lemuel_tele_altar,
          minmay_temple_entry_mist, eino_tiny_chamber, lexackson_kobold_supper,
          uniq_crazy_yiuf_cottage
D:7:      layout_rooms, nzn_wu_jian_contemplation, mainiacjoe_overflow_paths,
          hellmonk_ghost_happy_afterlife, chequers_serial_rivers_micro_e,
          water_boxes_lemuel, uniq_duvessa
D:8:      layout_layer_cave, nicolae_two_hexagons, uniq_grum, uniq_erica
D:9:      layout_cave_pools
D:10:     layout_irregular_city, grunt_temple_overflow_bloody_war,
          nicolae_uskayaw_suspiria, marbit_many_paths
D:11:     layout_roguey [special_room_orc], david_orc_2, uniq_gastronok

Notes
Turn   | Place    | Note
-------+----------+-------------------------------------------
     0 | D:1      | Faeu the Minotaur Berserker began the quest for the Orb.
     0 | D:1      | Reached XP level 1. HP: 19/19 MP: 0/0
     0 | D:1      | magus.rc [v1.9.6]
   160 | D:1      | You pick up a book of the Earth {forbidden} and begin
                  | reading...
   160 | D:1      | You add the spells Leda's Liquefaction, Lee's Rapid
                  | Deconstruction and Statue Form to your library.
   297 | D:1      | Found a faded altar of an unknown god.
   321 | D:1      | Reached XP level 2. HP: 27/27 MP: 1/1
   707 | D:1      | Reached skill level 4 in Fighting
   707 | D:1      | Reached skill level 4 in Axes
   978 | D:2      | Reached skill level 3 in Armour
   978 | D:2      | Reached XP level 3. HP: 27/33 MP: 2/2
  1039 | D:2      | Reached ** piety under Trog
  1134 | D:2      | Found a sacrificial altar of Ru.
  1261 | D:2      | You pick up a book of Air {forbidden} and begin reading...
  1261 | D:2      | You add the spells Shock, Swiftness and Airstrike to your
                  | library.
  1280 | D:2      | Noticed Sigmund
  1294 | D:2      | Killed Sigmund
  1295 | D:2      | Reached skill level 4 in Armour
  1295 | D:2      | Reached skill level 3 in Dodging
  1295 | D:2      | Reached XP level 4. HP: 39/41 MP: 3/3
  1295 | D:2      | Reached XP level 5. HP: 45/47 MP: 4/4
  1666 | D:2      | Reached skill level 5 in Axes
  2263 | D:3      | Found a sparkling altar of Nemelex Xobeh.
  2278 | D:3      | Found Kololacuts's Antique Armour Shop.
  2305 | D:3      | Noticed a phantom
  2311 | D:3      | Killed a phantom
  2312 | D:3      | Reached skill level 5 in Fighting
  2312 | D:3      | Reached XP level 6. HP: 56/56 MP: 5/5
  2431 | D:3      | Noticed Ijyb
  2552 | D:3      | Killed Ijyb
  2553 | D:3      | Reached skill level 4 in Dodging
  3120 | D:3      | Found a shimmering blue altar of Sif Muna.
  3429 | D:4      | Found a sand-covered staircase.
  3476 | Ossuary  | Entered an ossuary
  3654 | Ossuary  | HP: 13/56 [mummy (10)]
  4120 | D:4      | Reached *** piety under Trog
  4259 | D:4      | Found a snail-covered altar of Cheibriados.
  4283 | D:4      | Noticed Eustachio
  4292 | D:4      | Killed Eustachio
  4293 | D:4      | Reached skill level 5 in Armour
  4293 | D:4      | Reached XP level 7. HP: 54/62 MP: 6/6
  4502 | D:5      | Entered Level 5 of the Dungeon
  4511 | D:5      | Reached skill level 6 in Axes
  4517 | D:5      | Reached skill level 6 in Fighting
  4763 | D:5      | Noticed Blork the orc
  4775 | D:5      | Killed Blork the orc
  4776 | D:5      | Reached skill level 5 in Dodging
  5125 | D:5      | Found an opulent altar of Gozag.
  5241 | D:5      | Found a shimmering altar of Xom.
  5322 | D:5      | You pick up a book of the Senses {forbidden} and begin
                  | reading...
  5322 | D:5      | You add the spells Dazzling Flash, Agony and Silence to
                  | your library.
  5335 | D:5      | Found a broken altar of Ashenzari.
  5430 | D:6      | Found a sacrificial altar of Ru.
  5662 | D:6      | Found a runed translucent door.
  5663 | D:6      | Noticed Crazy Yiuf
  5709 | D:6      | Found a staircase to the Ecumenical Temple.
  5742 | D:6      | Reached skill level 6 in Armour
  5981 | D:6      | Reached XP level 8. HP: 64/71 MP: 7/7
  6058 | D:6      | You pick up a book of Dangerous Friends {forbidden} and
                  | begin reading...
  6058 | D:6      | You add the spells Summon Guardian Golem, Orb of
                  | Destruction and Spellforged Servitor to your library.
  6171 | D:6      | Reached skill level 7 in Fighting
  6171 | D:6      | Reached skill level 7 in Axes
  6505 | D:6      | Reached skill level 6 in Dodging
  6686 | D:7      | Noticed Duvessa
  6686 | D:7      | Noticed Dowan
  6686 | D:7      | Found a runed translucent door.
  6696 | D:7      | Killed Dowan
  6698 | D:7      | Killed Duvessa
  6699 | D:7      | Reached skill level 7 in Armour
  6797 | D:6      | Found the +7 Singing Sword {vorpal, sonic wave}
  6832 | D:6      | Reached skill level 8 in Axes
  6832 | D:6      | Reached XP level 9. HP: 81/81 MP: 8/8
  7181 | D:6      | Killed Crazy Yiuf
  7182 | D:6      | Reached skill level 8 in Fighting
  7301 | D:7      | Noticed PanSaczeczos's ghost (novice DgCj)
  7332 | D:7      | Identified a +0 robe of the Archmagi
  7334 | D:7      | Reached **** piety under Trog
  7368 | D:7      | Reached skill level 7 in Dodging
  7406 | D:7      | Found a burning altar of Makhleb.
  7451 | D:7      | Reached skill level 8 in Armour
  7620 | D:7      | Found an ornate altar of the Wu Jian Council.
  7914 | D:8      | Noticed Grum
  7923 | D:8      | Reached skill level 9 in Fighting
  7923 | D:8      | Reached skill level 9 in Axes
  7924 | D:8      | Killed Grum
  8093 | D:8      | Identified the +9 spear "Giatsyci" {venom, rElec rC+ Int+4}
  8167 | D:8      | Noticed a two-headed ogre
  8172 | D:8      | Killed a two-headed ogre
  8173 | D:8      | Reached skill level 9 in Armour
  8173 | D:8      | Reached skill level 8 in Dodging
  8173 | D:8      | Reached XP level 10. HP: 88/91 MP: 9/9
  8860 | D:8      | You pick up a book of Air {forbidden} and begin reading...
  8866 | D:8      | Noticed Erica
  8876 | D:8      | Killed Erica
  8876 | D:8      | Reached ***** piety under Trog
  9102 | D:9      | Reached skill level 10 in Axes
  9148 | D:9      | Reached skill level 10 in Fighting
  9193 | D:9      | Received a gift from Trog
  9199 | D:9      | T - a +3 executioner's axe of flaming {axerare=g}
  9200 | D:9      | your +3 executioner's axe of flaming {axerare=g} bursts
                  | into flame!
  9200 | D:9      | T - a +3 executioner's axe of flaming (weapon) {axerare=g}
  9383 | D:10     | Entered Level 10 of the Dungeon
  9499 | D:10     | your +3 executioner's axe of flaming {axerare=g} stops
                  | flaming.
  9544 | D:10     | You add the spells Tukima's Dance, Passage of Golubria and
                  | Yara's Violent Unravelling to your library.
  9596 | D:10     | Reached skill level 11 in Axes
  9605 | D:10     | Noticed a death knight
  9611 | D:11     | Found a staircase to the Orcish Mines.
  9679 | D:10     | Reached skill level 12 in Axes
  9770 | D:10     | Found a staircase to the Lair.
  9921 | D:10     | Noticed a phantasmal warrior
  9925 | D:11     | Noticed a cyclops
  9933 | D:11     | Killed a phantasmal warrior
  9934 | D:11     | HP: 22/139 [cyclops (27)]
  9937 | D:11     | HP: 5/139 [cyclops (10)]
  9938 | D:11     | HP: 1/139 [orc warrior/+0 battleaxe (4)]
  9939 | D:11     | Killed a cyclops
  9940 | D:11     | Reached skill level 13 in Axes
  9940 | D:11     | Reached XP level 11. HP: 2/99 MP: 10/10
  9940 | D:11     | Slain by an orc warrior

Vanquished Creatures
  Erica (D:8)
  A two-headed ogre (D:8)
  A phantasmal warrior (D:11)
  A cyclops (D:11)
  2 trolls (D:10)
  A hornet (D:8)
  A wyvern (D:9)
  Sigmund (D:2)
  Eustachio (D:4)
  6 yaks (D:10)
  Grum (D:8)
  An acid dragon (D:10)
  Duvessa (D:7)
  A water moccasin (D:6)
  An orc warrior (D:7)
  2 ogres
  3 necrophages
  A black bear (D:6)
  4 wolves (D:8)
  A phantom (D:3)
  2 bullfrogs
  A kobold brigand (D:6)
  Blork the orc (D:5)
  8 scorpions
  Dowan (D:7)
  5 killer bees (D:9)
  10 wights
  5 howler monkeys
  An electric eel (D:7)
  2 hounds
  A centaur zombie (D:8)
  Crazy Yiuf (D:6)
  6 orc priests
  A jelly (D:5)
  A bullfrog skeleton (D:7)
  A gnoll shaman (D:6)
  3 iguanas
  5 orc wizards
  Ijyb (D:3)
  8 mummies (Ossuary)
  4 howler monkey zombies
  8 gnolls
  4 adders
  2 shadow imps
  6 worms
  2 dart slugs
  15 orcs
  7 endoplasms
  2 giant cockroaches
  9 goblins
  6 hobgoblins
  7 jackals
  10 kobolds
  A quokka (D:1)
  6 ball pythons
  20 bats
  7 frilled lizards
  2 hobgoblin zombies (Ossuary)
  6 kobold zombies (Ossuary)
  3 rats
223 creatures vanquished.

Vanquished Creatures (others)
  A fungus (D:6)
  9 plants (D:6)
10 creatures vanquished.

Grand Total: 233 creatures vanquished

Table legend:
 A = Non-vault XP
 B = Vault XP
 C = Vault XP percentage of total XP
 D = Non-vault monster count
 E = Vault monster count
 F = Vault count percentage of total count
                 A         B        C        D         E       F
            +---------+---------+-------+---------+---------+-------
      Total |    8483 |    3042 |  26.4 |     153 |      70 |  31.4
            +---------+---------+-------+---------+---------+-------
        D:1 |      35 |       0 |   0.0 |      19 |       0 |   0.0
        D:2 |      51 |     232 |  82.0 |      21 |       6 |  22.2
        D:3 |     152 |      45 |  22.8 |      11 |       7 |  38.9
        D:4 |     142 |     203 |  58.8 |       9 |       1 |  10.0
        D:5 |     289 |      90 |  23.7 |      13 |       1 |   7.1
        D:6 |     523 |     595 |  53.2 |      12 |      25 |  67.6
        D:7 |    1057 |     214 |  16.8 |      21 |       2 |   8.7
        D:8 |    2004 |    1493 |  42.7 |      19 |       6 |  24.0
        D:9 |     747 |       0 |   0.0 |      12 |       0 |   0.0
       D:10 |    2150 |       0 |   0.0 |      12 |       0 |   0.0
       D:11 |    1333 |      18 |   1.3 |       4 |       6 |  60.0
    Ossuary |       0 |     152 | 100.0 |       0 |      16 | 100.0
            +---------+---------+-------+---------+---------+-------

Illustrated notes

Table legend:
 A = Kills in this place as a percentage of kills in entire the game.
 B = Kills by you in this place as a percentage of kills by you in the entire game.
 C = Kills by friends in this place as a percentage of kills by friends in the entire game.
 D = Other kills in this place as a percentage of other kills in the entire game.
 E = Experience gained in this place as a percentage of experience gained in the entire game.
 F = Experience gained in this place divided by the number of levels of this place that you have seen.
                   A       B       C       D       E      F
               +-------+-------+-------+-------+-------+----------------------
         Total | 100.0 | 100.0 |   N/A |   N/A | 100.0 | 960.4
       Dungeon |  92.8 |  92.8 |   N/A |   N/A |  98.7 | 1033.9
       Ossuary |   7.2 |   7.2 |   N/A |   N/A |   1.3 | 152.0
               +-------+-------+-------+-------+-------+----------------------

Table legend: (Time is in decaauts)
 A = Elapsed time spent in this place.
 B = Non-inter-level travel time spent in this place.
 C = Inter-level travel time spent in this place.
 D = Time resting spent in this place.
 E = Time spent auto-exploring this place.
 F = Levels seen in this place.
 G = Mean time per level.
                   A        B        C        D        E       F      G
               +--------+--------+--------+--------+--------+-----+--------+
         Total |  10044 |   9650 |    394 |    370 |   7007 |  12 |  837.0 |
       Dungeon |   9494 |   9100 |    394 |    370 |   6559 |  11 |  863.1 |
       Ossuary |    550 |    550 |      0 |      0 |    448 |   1 |  550.0 |
               +--------+--------+--------+--------+--------+-----+--------+

Top non-repeatable levels by time:
     D:6: 1760 daAuts
     D:8: 1338 daAuts
     D:2: 1248 daAuts
     D:3: 1155 daAuts
     D:1: 975 daAuts
     D:4: 874 daAuts
     D:5: 753 daAuts
     D:7: 582 daAuts
 Ossuary: 550 daAuts
    D:10: 488 daAuts
     D:9: 285 daAuts
    D:11: 31 daAuts
